 Dungeon Sprint DCSS version 0.30-a0-4-ga7cffc901d (webtiles) character file.

Game seed: 17033018820252888663

1302 mhtbhm the Imperceptible (level 8, -3/46 HPs)
             Began as a Spriggan Brigand on Aug 21, 2022.
             Was a Believer of Dithmenos.
             Slain by Snorg (19 damage)
             ... in the Dungeon (Sprint III: "The Ten Rune Challenge").
             The game lasted 00:02:43 (886 turns).

mhtbhm the Imperceptible (Spriggan Brigand)          Turns: 886, Time: 00:02:44

Health: -3/46      AC:  3    Str:  5    XL:     8   Next: 31%
Magic:  13/13      EV: 18    Int: 13    God:    Dithmenos [**....]
Gold:   39         SH:  0    Dex: 18    Spells: 7/7 levels left

rFire   . . .      SeeInvis +    a - +2 dagger
rCold   . . .      Faith    .    (no shield)
rNeg    . . .      Spirit   .    b - +0 robe
rPois   .          Reflect  .    (helmet restricted)
rElec   .          Harm     .    c - +0 cloak
rCorr   .          Rampage  .    (gloves unavailable)
Will    +....      Clarity  +    (boots unavailable) Stlth *+++++++++ NoTele +
                                 (no amulet)
HPRegen 0.15/turn                (no ring)
MPRegen 0.13/turn                (no ring)

@: wreathed by umbra, very quick
A: very small, no large weapons, unfitting armour, see invisible, speed 3,
clarity, robust 1, weak 1
a: Renounce Religion, Shadow Step


You were in the Dungeon.
You worshipped Dithmenos.
Dithmenos was pleased with you.
You visited 1 branch You collected 39 gold pieces.

Inventory:

Hand Weapons
 a - a +2 dagger (weapon)
Armour
 b - a +0 robe (worn)
 c - a +0 cloak (worn)
Wands
 j - a wand of roots (1)
Scrolls
 k - a scroll of blinking
 m - 2 scrolls of poison {unknown}
 n - 2 scrolls of identify
 p - a scroll of fear {unknown}
Potions
 f - 2 potions of curing
 g - a potion of heal wounds
 h - a potion of haste
 i - 2 potions of magic
 l - 3 potions of flight {unknown}
Miscellaneous
 o - a phial of floods (inert)


   Skills:
 + Level 4.6 Fighting
 + Level 6.1 Short Blades
 + Level 6.1 Throwing
 + Level 3.8 Dodging
 + Level 21.7 Stealth
 * Level 6.1 Invocations


You had 7 spell levels left.
You didn't know any spells.
Your spell library contained the following spells:

 Spells                   Type           Power      Damage    Failure   Level
 Slow                     Hex            0%         N/A       30%         1
 Confusing Touch          Hex            0%         N/A       67%         3
 Vampiric Draining        Necr           0%         2d6       67%         3
 Animate Dead             Necr           0%         N/A       97%         4
 Borgnjor's Vile Clutch   Necr/Erth      0%         N/A       100%        5
 Death Channel            Necr           0%         N/A       100%        6


Dungeon Overview and Level Annotations

Branches:
Dungeon (1/1)

Altars:
Cheibriados
Dithmenos
Elyvilon
Fedhas
Gozag
Hepliaklqana
Kikubaaqudgha
Makhleb
Nemelex Xobeh
Okawaru
Qazlal
Ru
Sif Muna
Trog
Uskayaw
Vehumet
Wu Jian
Xom
Yredelemnul
Zin
The Shining One
Jiyva
Lugonu

Annotations:
D Snorg


Innate Abilities, Weirdness & Mutations

You are very small and have problems with some larger weapons.
You are too small for most types of armour.
You have supernaturally acute eyesight. (SInv)
You cover ground extremely quickly. (Speed+++)
You possess an exceptional clarity of mind.
You are robust. (+10% HP)
You are weak. (Str -2)


Message History

Unknown command.
Unknown command.
Aiming: Fastroot
Press: ? - help, Shift-Dir - straight line, f - you, p - Snorg The roots erupt in riotous growth!
The grasping roots constrict Snorg.
The roots release their grip on Snorg.
Aiming: Fastroot
Press: ? - help, Shift-Dir - straight line, f - Snorg
Aim: Snorg (heavily wounded, extremely poisoned, slow)
The roots erupt in riotous growth!
Roots grab Snorg.
The grasping roots constrict Snorg.
Snorg is no longer moving slowly.
Snorg goes berserk!
Unknown command.
The grasping roots constrict Snorg.
The roots release their grip on Snorg.
There is an open door to the Ecumenical Temple here.
Aiming: Fastroot
Press: ? - help, Shift-Dir - straight line, f/p - Snorg
Aim: Snorg (heavily wounded, berserk, very poisoned)
The roots erupt in riotous growth!
Roots grab Snorg.
The grasping roots constrict Snorg.
Snorg rages.
Snorg struggles to escape constriction.
Unknown command.
Unknown command.
Okay, then.
The grasping roots constrict Snorg.
The roots release their grip on Snorg.
Snorg rages.
Aiming: Fastroot
Press: ? - help, Shift-Dir - straight line, f/p - Snorg
Aim: Snorg (heavily wounded, berserk, very poisoned, umbra)
The roots erupt in riotous growth!
Roots grab Snorg.
The grasping roots constrict Snorg.
Snorg bites you!!
Ouch! That really hurt!
Snorg barely misses you. Snorg claws you!
Unknown command.
The grasping roots constrict Snorg.
Snorg bites you!!
You die...

▓.÷...#....~.♣ ♣♣.###'#'###'#
▓.....#...~~.♣♣♣..#..........
▓.....#..~~~~.....'.⌠..(.(..(
▓####÷#..~≈≈~~~...#...######'
▓)....#.~~≈~~~....#.⌠.#__#..~
▓.....#.~≈~~~.....#...#__#~~(
▓.....#.~~~.......#'###__#~~~
▓'#####....T......#.))#__#~~~
▓...........@.....#___#__'~.(
▓▓▓▓▓▓▓▓▓▓▓▓▓▓▓▓▓▓▓▓▓▓▓▓▓▓▓▓▓


You could see Snorg (berserk, very poisoned, rooted).

Vanquished Creatures
  A deep elf pyromancer (D)
  A shadow (D)
  A spatial vortex (D)
  A necrophage (D)
  A scorpion (D)
  A water elemental (D)
  A jelly (D)
  Jessica (D)
  A wizard (D)
  A necromancer (D)
  3 humans (D)
  A kobold demonologist (D)
  An endoplasm (D)
  2 rats (D)
17 creatures vanquished.

Notes
Turn   | Place    | Note
-------+----------+-------------------------------------------
     0 | D        | mhtbhm the Spriggan Brigand began the quest for the Orb.
     0 | D        | Reached XP level 1. HP: 10/10 MP: 2/2
     5 | D        | Reached skill level 6 in Stealth
    13 | D        | Noticed Jessica
    23 | D        | Reached skill level 7 in Stealth
    24 | D        | Killed Jessica
    25 | D        | Reached skill level 10 in Stealth
    25 | D        | Reached XP level 2. HP: 6/15 MP: 3/3
    25 | D        | Reached XP level 3. HP: 8/18 MP: 4/4
   214 | D        | Noticed a scorpion
   222 | D        | Killed a scorpion
   223 | D        | Reached skill level 13 in Stealth
   223 | D        | Reached XP level 4. HP: 23/23 MP: 5/5
   247 | D        | Gained mutation: Your mind is acute. (Int +4, Str/Dex -1)
                  | [potion of mutation]
   247 | D        | Gained mutation: You occasionally lose the ability to read
                  | scrolls when taking damage. [potion of mutation]
   247 | D        | Gained mutation: You are agile. (Dex +4, Str/Int -1)
                  | [potion of mutation]
   248 | D        | Lost mutation: Your mind is acute. (Int +4, Str/Dex -1)
                  | [potion of mutation]
   248 | D        | Lost mutation: You occasionally lose the ability to read
                  | scrolls when taking damage. [potion of mutation]
   248 | D        | Gained mutation: You sometimes lose your temper in combat.
                  | [potion of mutation]
   248 | D        | Gained mutation: You occasionally lose the ability to drink
                  | potions when taking damage. [potion of mutation]
   248 | D        | Gained mutation: Your flesh is heat resistant. (rF+)
                  | [potion of mutation]
   249 | D        | Lost mutation: Your flesh is heat resistant. (rF+) [potion
                  | of mutation]
   249 | D        | Lost mutation: You occasionally lose the ability to drink
                  | potions when taking damage. [potion of mutation]
   249 | D        | Gained mutation: You have large cloven feet. [potion of
                  | mutation]
   249 | D        | Gained mutation: Armour fits poorly on your strangely
                  | shaped body. [potion of mutation]
   250 | D        | Lost mutation: You sometimes lose your temper in combat.
                  | [potion of mutation]
   250 | D        | Lost mutation: You have large cloven feet. [potion of
                  | mutation]
   250 | D        | Gained mutation: You are partially covered in iridescent
                  | scales. (AC +2) [potion of mutation]
   250 | D        | Gained mutation: You are robust. (+10% HP) [potion of
                  | mutation]
   251 | D        | Lost mutation: You are partially covered in iridescent
                  | scales. (AC +2) [potion of mutation]
   251 | D        | Lost mutation: Armour fits poorly on your strangely shaped
                  | body. [potion of mutation]
   251 | D        | Gained mutation: You are weak. (Str -2) [potion of
                  | mutation]
   251 | D        | Gained mutation: You possess an exceptional clarity of
                  | mind. [potion of mutation]
   251 | D        | Lost mutation: You are agile. (Dex +4, Str/Int -1) [potion
                  | of mutation]
   267 | D        | Noticed a water elemental
   269 | D        | Killed a water elemental
   270 | D        | Reached skill level 14 in Stealth
   270 | D        | Reached XP level 5. HP: 30/30 MP: 6/6
   280 | D        | Found a shadowy altar of Dithmenos.
   281 | D        | Found a basalt altar of Yredelemnul.
   281 | D        | Found a sacrificial altar of Ru.
   283 | D        | Reached skill level 15 in Stealth
   294 | D        | Reached skill level 16 in Stealth
   345 | D        | Became a worshipper of Dithmenos the Shadowed
   361 | D        | Found a radiant altar of Vehumet.
   362 | D        | Found a shimmering blue altar of Sif Muna.
   362 | D        | Found an ancient bone altar of Kikubaaqudgha.
   364 | D        | Reached XP level 6. HP: 35/35 MP: 7/7
   366 | D        | Reached skill level 1 in Invocations
   378 | D        | Found a glowing silver altar of Zin.
   379 | D        | Found a glowing golden altar of the Shining One.
   379 | D        | Found a white marble altar of Elyvilon.
   379 | D        | Noticed a deep elf pyromancer
   381 | D        | Killed a deep elf pyromancer
   381 | D        | Reached * piety under Dithmenos
   382 | D        | Reached skill level 5 in Short Blades
   382 | D        | Reached skill level 5 in Throwing
   382 | D        | Reached skill level 20 in Stealth
   382 | D        | Reached XP level 7. HP: 40/40 MP: 8/11
   389 | D        | Found a hide-covered altar of Uskayaw.
   389 | D        | Found an iron altar of Okawaru.
   390 | D        | Found a bloodstained altar of Trog.
   390 | D        | Found an ornate altar of the Wu Jian Council.
   390 | D        | Noticed a human
   390 | D        | Noticed a human
   429 | D        | Killed a human
   430 | D        | Reached skill level 5 in Invocations
   488 | D        | Killed a human
   489 | D        | Reached skill level 21 in Stealth
   489 | D        | Reached XP level 8. HP: 23/46 MP: 11/13
   649 | D        | Reached ** piety under Dithmenos
   816 | D        | Found a blossoming altar of Fedhas.
   816 | D        | Found a stormy altar of Qazlal.
   816 | D        | Found a snail-covered altar of Cheibriados.
   816 | D        | Found a burning altar of Makhleb.
   816 | D        | Found a shimmering altar of Xom.
   817 | D        | Found a hazy altar of Hepliaklqana.
   817 | D        | Found an opulent altar of Gozag.
   817 | D        | Found a sparkling altar of Nemelex Xobeh.
   817 | D        | Found a corrupted altar of Lugonu.
   817 | D        | Found a viscous altar of Jiyva.
   839 | D        | Noticed Snorg
   886 | D        | Slain by Snorg

Illustrated notes

Levels and vault maps discovered:
D:        dungeon_sprint_mu [sprint_mu_entry_forest, sprint_mu_temple_rooms,
          sprint_mu_d1_horrors, sprint_mu_d2_genie, sprint_mu_d3_branching,
          sprint_mu_orc_legion, sprint_mu_elf_gauntlet, sprint_mu_hive_nellie,
          sprint_mu_lair_fedhas, sprint_mu_vaults_butterflies,
          sprint_mu_slime_circle, sprint_mu_swamp_cave, sprint_mu_snake_twists,
          sprint_mu_blade_basic, sprint_mu_crypt_chambers,
          sprint_mu_tomb_spiral, sprint_mu_vestibule_basic,
          sprint_mu_gehenna_hellfire, sprint_mu_dis_giant,
          sprint_mu_tartarus_statrot, sprint_mu_cocytus_islands, sprint_mu_zot1]

Skill      XL: |  1  2  3  4  5  6  7  8 |
---------------+-------------------------+-----
Stealth        | 10 13 14 16 20 21 | 21.7
Fighting       | 2 3 4 |  4.6
Short Blades   | 3 4 5 6 |  6.1
Throwing       | 3 4 5 6 |  6.1
Dodging        | 2 3 |  3.8
Invocations    | 4 5 6 |  6.1

Action                   |  1- 3 |  4- 6 |  7- 9 || total
-------------------------+-------+-------+-------++-------
Melee: Dagger            |     8 |    13 |    26 ||    47
Throw: Dart              |     4 |     1 |    21 ||    26
Evoke: Wand              |       |       |     5 ||     5
       Phial of floods   |       |       |     1 ||     1
  Use: Potion            |       |     6 |       ||     6
 Stab: Sleeping          |     2 |     4 |     2 ||     8
Armor: Robe              |     1 |       |       ||     1
Dodge: Dodged            |     3 |     6 |    16 ||    25

Table legend: (Time is in decaauts)
 A = Elapsed time spent in this place.
 B = Non-inter-level travel time spent in this place.
 C = Inter-level travel time spent in this place.
 D = Time resting spent in this place.
 E = Time spent auto-exploring this place.
 F = Levels seen in this place.
 G = Mean time per level.
                   A        B        C        D        E       F      G
               +--------+--------+--------+--------+--------+-----+--------+
         Total |    767 |    767 |      0 |    490 |      0 |   1 |  767.0 |
       Dungeon |    767 |    767 |      0 |    490 |      0 |   1 |  767.0 |
               +--------+--------+--------+--------+--------+-----+--------+

Top non-repeatable levels by time:
       D: 767 daAuts
